 Dungeon Crawl Stone Soup version 0.27.1-34-g3ba077fa99 (webtiles) character file.

Game seed: 9706636410345463143

690 Descartes the Changer (level 7, -2/32 HPs)
             Began as a Spriggan Wanderer on Jan 5, 2022.
             Was an Initiate of Gozag.
             Slain by a white imp (5 damage)
             ... on level 5 of the Dungeon.
             The game lasted 00:20:56 (7417 turns).

Descartes the Changer (Spriggan Wanderer)           Turns: 7417, Time: 00:20:58

Health: -2/32      AC:  2    Str:  8    XL:     7   Next: 36%
Magic:  14/14      EV: 22    Int: 15    God:    Gozag
Gold:   65         SH:  0    Dex: 15    Spells: 6/14 levels left

rFire    . . .     SeeInvis +   w - +0 dagger (drain)
rCold    . . .     Faith    .   (shield restricted)
rNeg     + . .     Spirit   .   n - +0 robe
rPois    .         Reflect  .   (helmet restricted)
rElec    .         Harm     .   (no cloak)
rCorr    .         Rampage  .   (gloves unavailable)
Will     +....                  (boots unavailable)
Stlth    ++........             (no amulet)
HPRegen  0.10/turn              e - +4 ring of evasion
MPRegen  0.14/turn              q - ring of positive energy

@: very quick
A: very small, no large weapons, unfitting armour, see invisible, speed 3
a: Renounce Religion, Potion Petition, Call Merchant, Bribe Branch


You were on level 5 of the Dungeon.
You worshipped Gozag.
Gozag was noncommittal.
You visited 2 branches of the dungeon, and saw 7 of its levels.

You collected 253 gold pieces.
You spent 129 gold pieces at shops.
You paid 59 gold pieces to Gozag.

Inventory:

Hand Weapons
 a - a +2 short sword of freezing
 b - a +0 hunting sling
 w - a +0 dagger of draining (weapon)
 z - a +1 dagger of pain
Missiles
 i - 40 sling bullets
 l - 68 arrows
 o - 159 stones (quivered)
 r - 19 poisoned darts
Armour
 n - a +0 robe (worn)
Jewellery
 e - a +4 ring of evasion (left hand)
 q - a ring of positive energy (right hand)
Wands
 y - a wand of paralysis (11)
Scrolls
 c - a scroll of holy word {unknown}
 d - a scroll of magic mapping {unknown}
 h - 2 scrolls of amnesia {unknown}
 j - 2 scrolls of fear {unknown}
 m - 7 scrolls of identify {unknown}
 t - 2 scrolls of teleportation {unknown}
 x - 2 scrolls of vulnerability {unknown}
 B - a scroll of enchant weapon {unknown}
 C - a scroll of noise {unknown}
 D - a scroll of fog {unknown}
Potions
 f - 2 potions of magic {unknown}
 g - a potion of mutation {unknown}
 k - 4 potions of heal wounds {unknown}
 p - 3 potions of curing {unknown}
 s - a potion of haste {unknown}
 u - 2 potions of brilliance {unknown}
 v - a potion of attraction {unknown}
 A - a potion of ambrosia {unknown}
 E - a potion of berserk rage {unknown}


   Skills:
 - Level 1.0 Throwing
 + Level 4.2 Dodging
 - Level 1.5 Stealth
 - Level 4.0 Spellcasting
 + Level 2.4 Conjurations
 - Level 2.4 Hexes
 - Level 1.0 Necromancy
 + Level 4.6 Transmutations
 + Level 1.4 Fire Magic
 + Level 2.9 Air Magic
 + Level 3.3 Poison Magic


You had 6 spell levels left.
You knew the following spells:

 Your Spells              Type           Power      Damage    Failure   Level
a - Sting                 Tmut/Pois      60%        1d6       3%          1
b - Shock                 Conj/Air       44%        1d5       6%          1
c - Poisonous Vapours     Pois/Air       24%        N/A       8%          2
d - Sticky Flame          Conj/Fire      8%         2d3       63%         4

Your spell library contained the following spells:

 Spells                   Type           Power      Damage    Failure   Level
 Static Discharge         Conj/Air       11%        N/A       9%          2
 Mephitic Cloud           Conj/Pois/Air  11%        N/A       17%         3
 Conjure Flame            Conj/Fire      8%         6-21      24%         3
 Olgreb's Toxic Radiance  Pois           13%        N/A       41%         4
 Ice Form                 Ice/Tmut       10%        N/A       56%         4
 Hailstorm                Conj/Ice       6%         3d4       73%         4
 Dispel Undead            Necr           6%         3d8       75%         4
 Simulacrum               Ice/Necr       2%         N/A       100%        6


Dungeon Overview and Level Annotations

Branches:
Dungeon (6/15)             Temple (1/1) D:5

Altars:
Elyvilon
Fedhas
Gozag
Hepliaklqana
Kikubaaqudgha
Makhleb
Nemelex Xobeh
Okawaru
Qazlal
Ru
Sif Muna
Trog
Vehumet
Wu Jian
Xom
Yredelemnul
Zin
The Shining One

Shops:
D:1 *   D:3 !


Innate Abilities, Weirdness & Mutations

You are very small and have problems with some larger weapons.
You are too small for most types of armour.
You have supernaturally acute eyesight. (SInv)
You cover ground extremely quickly. (Speed+++)


Message History

The white imp is heavily wounded.
The white imp barely misses you.
You hit the white imp but do no damage.
The white imp is heavily wounded.
The white imp closely misses you.
You hit the white imp but do no damage.
The white imp is heavily wounded.
The white imp gestures at you. The puff of frost hits you!
* * * LOW HITPOINT WARNING * * *
You barely miss the white imp.
The white imp is heavily wounded.
The white imp gestures at you. The puff of frost hits you.
* * * LOW HITPOINT WARNING * * *
You hit the white imp but do no damage.
The white imp is heavily wounded.
The white imp barely misses you.
You hit the white imp but do no damage.
The white imp is heavily wounded.
The white imp completely misses you.
You hit the white imp.
The white imp is severely wounded.
The white imp gestures at you. The puff of frost misses you.
You hit the white imp but do no damage.
The white imp is severely wounded.
The white imp gestures at you. The puff of frost misses you.
You hit the white imp but do no damage.
The white imp is severely wounded.
The white imp gestures at you. The puff of frost misses you.
You hit the white imp but do no damage.
The white imp is severely wounded.
The white imp hits you.
* * * LOW HITPOINT WARNING * * *
The white imp freezes you.
You die...
Your body crumbles into a pile of gold.

#.# #.# #.# #.#
#.# ####.# #####.#
#....# ###.....#
#.#### ##..#.####
#.# #...##.# #.#
##.)#.## #.#
#.#.## #@#
####.### #5#
.....# #.# ####.#
#.# .....# #.#
###<.# #.# #..##
#.#
###...##########.#
....#............#


You could see a white imp.

Vanquished Creatures
  An ice beast (D:5)
  A sky beast (D:6)
  3 scorpions
  A jelly (D:6)
  An orc priest (D:4)
  A centaur skeleton (D:5)
  2 iguanas
  4 gnolls
  7 adders
  An adder skeleton (D:4)
  3 worms
  2 dart slugs (D:3)
  4 orcs (D:4)
  9 ball pythons
  7 endoplasms
  2 giant cockroaches
  2 goblins
  8 hobgoblins
  7 jackals
  5 quokkas
  5 bats
  4 frilled lizards
  3 kobolds
  6 rats
89 creatures vanquished.

Notes
Turn   | Place    | Note
-------+----------+-------------------------------------------
     0 | D:1      | Descartes the Spriggan Wanderer began the quest for the
                  | Orb.
     0 | D:1      | Descartes set off with the following items: a +0 dagger, a
                  | +0 robe; and the following spells available to memorise:
                  | Sting, Shock, Poisonous Vapours, Mephitic Cloud, Conjure
                  | Flame, Olgreb's Toxic Radiance
     0 | D:1      | Reached XP level 1. HP: 9/9 MP: 6/6
     2 | D:1      | Learned a level 1 spell: Sting
     4 | D:1      | Learned a level 1 spell: Shock
     6 | D:1      | Noticed a palentonga
     6 | D:1      | Noticed a human
     8 | D:1      | Noticed a demigod
    10 | D:1      | Noticed a dwarf
    10 | D:1      | Noticed an elf
    12 | D:1      | Noticed a vampire
    14 | D:1      | Noticed a troll
    16 | D:1      | Noticed a felid
    16 | D:1      | Noticed a gargoyle
    18 | D:1      | Noticed a djinni
    18 | D:1      | Noticed a merfolk
    20 | D:1      | Noticed an octopode
    20 | D:1      | Noticed a vine stalker
    22 | D:1      | Noticed a formicid
    22 | D:1      | Noticed a spriggan
    24 | D:1      | Noticed a naga
    24 | D:1      | Noticed a demonspawn
    26 | D:1      | Noticed a tengu
    26 | D:1      | Noticed a barachi
    28 | D:1      | Noticed a minotaur
    28 | D:1      | Noticed a ghoul
    30 | D:1      | Noticed an ogre
    30 | D:1      | Noticed a draconian
   242 | D:1      | Found Woint's Assorted Antiques.
   375 | D:1      | Reached XP level 2. HP: 13/13 MP: 5/8
   623 | D:1      | Learned a level 2 spell: Poisonous Vapours
   746 | D:1      | Reached skill level 1 in Dodging
   904 | D:1      | Reached XP level 3. HP: 16/16 MP: 6/9
  1097 | D:1      | Reached skill level 1 in Air Magic
  1789 | D:2      | Reached skill level 1 in Conjurations
  1789 | D:2      | Reached XP level 4. HP: 21/21 MP: 2/11
  2747 | D:3      | Found a hazy altar of Hepliaklqana.
  3136 | D:3      | Found Neyc's Distillery.
  3172 | D:3      | Reached XP level 5. HP: 24/24 MP: 7/12
  3405 | D:3      | Found a faded altar of an unknown god.
  4755 | D:4      | Learned a level 4 spell: Sticky Flame
  4983 | D:5      | Entered Level 5 of the Dungeon
  4983 | D:5      | Noticed a phantom
  5330 | D:5      | Reached XP level 6. HP: 28/28 MP: 9/13
  5390 | D:5      | Noticed an ice beast
  5404 | D:5      | Killed an ice beast
  5834 | D:5      | Found a staircase to the Ecumenical Temple.
  5845 | D:5      | Reached skill level 1 in Fire Magic
  5949 | Temple   | Entered the Ecumenical Temple
  6158 | Temple   | Became a worshipper of Gozag Ym Sagoz the Greedy
  6280 | D:1      | Bought a scroll labelled ZAUBUJ UZASO for 22 gold pieces
  6280 | D:1      | Bought a scroll labelled ZAUBUJ UZASO for 22 gold pieces
  6280 | D:1      | Bought a scroll labelled HAIXZU SEEME for 22 gold pieces
  6280 | D:1      | Bought a scroll labelled ZAUBUJ UZASO for 22 gold pieces
  6280 | D:1      | Bought a scroll labelled ZAUBUJ UZASO for 22 gold pieces
  6280 | D:1      | Bought a glowing coppery potion for 19 gold pieces
  6609 | D:6      | Reached XP level 7. HP: 26/32 MP: 11/14
  6706 | D:6      | Found a glowing silver altar of Zin.
  7417 | D:5      | Slain by a white imp

Illustrated notes

Levels and vault maps discovered:
D:1:      kb_arrival_jail, layout_basic, serial_shops,
          nicolae_shop_behind_doors, minmay_tromino_i4
D:2:      layout_rooms, corexii_hall_statues_t, corexii_corridor_pit, hex_large
D:3:      layout_basic, nicolae_hepliaklqana_hazy_memory, serial_shops,
          nicolae_shop_crystal, hellmonk_ecumenical_altar_dog_temple,
          item_on_display_a
D:4:      layout_loops_ring
D:5:      layout_loops_ring, minmay_temple_entry_poolview, abandoned_shop
D:6:      layout_loops_ring, mainiacjoe_overflow_cross_hatched,
          kennysheep_little_box, water_maze_lemuel, uniq_menkaure
Temple:   eino_temple_rhombus

Skill      XL: |  1  2  3  4  5  6  7 |
---------------+----------------------+-----
Transmutations | 2 3 4 |  4.6
Dodging        | 1 2 3 4 |  4.2
Air Magic      | 1 2 |  2.9
Conjurations   | 1 2 |  2.4
Poison Magic   | 2 3 |  3.3
Fire Magic     | 1 |  1.4
Throwing       | |  1.0
Stealth        | |  1.5
Spellcasting   | |  4.0
Hexes          | |  2.4
Necromancy     | |  1.0

Action                   |  1- 3 |  4- 6 |  7- 9 || total
-------------------------+-------+-------+-------++-------
Melee: Dagger            |       |    35 |    14 ||    49
       Short sword       |       |     1 |       ||     1
 Cast: Sting             |    35 |    54 |       ||    89
       Shock             |    58 |    94 |    13 ||   165
       Poisonous Vapours |       |     8 |     9 ||    17
 Stab: Sleeping          |       |     1 |       ||     1
Armor: Robe              |       |     1 |       ||     1
Dodge: Dodged            |     9 |    50 |    20 ||    79
